 Dungeon Crawl Stone Soup version 0.29.1-15-g9cfb28693d (webtiles) character file.

Game seed: 3357439023150562043

1369 MacCMillion the Ruffian (level 8, 0/69 (79) HPs)
             Began as a Troll Fighter on Feb 21, 2023.
             Slain by a wight
             ... wielding a +4 battleaxe
              (5 damage)
             ... on level 4 of the Dungeon.
             The game lasted 00:06:45 (5444 turns).

MacCMillion the Ruffian (Troll Fighter)             Turns: 5444, Time: 00:06:46

HP:   0/69 (79)     AC:  4    Str: 25    XL:     8   Next: 38%
MP:   7/7           EV:  8    Int:  6    God:
Gold: 185           SH:  8    Dex:  9    Spells: 7/7 levels left

rFire   . . .      SeeInvis .     - Unarmed
rCold   . . .      Faith    .   b - +0 kite shield
rNeg    . . .      Spirit   .   i - +0 animal skin
rPois   .          Reflect  .   (helmet restricted)
rElec   .          Harm     .   (no cloak)
rCorr   .          Rampage  .   (gloves unavailable)
Will    +....                   (boots unavailable)
Stlth   +.........              (no amulet)
HPRegen 1.01/turn               p - ring of willpower
MPRegen 0.10/turn               (no ring)

@: heavily drained
A: large, unfitting armour, claws 3, regeneration 1, shaggy fur 1, tough skin 1
a: no special abilities


You were on level 4 of the Dungeon.
You visited 1 branch of the dungeon, and saw 5 of its levels.

You collected 185 gold pieces.

Inventory:

Missiles
 h - 5 poisoned darts (quivered)
Armour
 b - a +0 kite shield (worn)
 i - a +0 animal skin (worn)
Jewellery
 o - an amulet of faith
 p - a ring of willpower (left claw)
Wands
 s - a wand of flame (26)
 v - a wand of charming (14)
Scrolls
 a - a scroll of teleportation {unknown}
 e - a scroll of fog {unknown}
 f - 2 scrolls of identify
 j - a scroll of enchant armour {unknown}
 k - 2 scrolls of amnesia {unknown}
 n - a scroll of vulnerability {unknown}
 t - 2 scrolls of immolation {unknown}
Potions
 c - 2 potions of might
 d - a potion of heal wounds {unknown}
 g - a potion of attraction {unknown}
 l - 2 potions of degeneration
 m - a potion of resistance {unknown}
 q - a potion of berserk rage {unknown}
 r - a potion of magic {unknown}
 u - a potion of invisibility
 w - 2 potions of curing
 x - a potion of haste
 z - a potion of brilliance {unknown}


   Skills:
 + Level 4.9 Fighting
 - Level 2.4 Dodging
 + Level 5.4 Shields
 * Level 7.5 Unarmed Combat


You had 7 spell levels left.
You didn't know any spells.
Your spell library contained the following spells:

 Spells                   Type           Power      Damage    Failure   Level
 Necrotise                Necr           0%         1d4       73%         1
 Slow                     Hex            0%         N/A       73%         1
 Confusing Touch          Hex            0%         N/A       97%         3
 Inner Flame              Hex/Fire       0%         N/A       97%         3
 Vampiric Draining        Necr           0%         2d6       97%         3
 Cause Fear               Hex            0%         N/A       100%        4
 Discord                  Hex            0%         N/A       100%        8


Dungeon Overview and Level Annotations

Branches:
Dungeon (5/15)
 Temple: D:4-7

Altars:
Cheibriados
Dithmenos
Qazlal

Annotations:
D:3 Sigmund


Innate Abilities, Weirdness & Mutations

You are too large for most types of armour.
You have claws for hands.
Your natural rate of healing is unusually fast.
You are covered in fur. (AC +1)
You have tough skin. (AC +1)


Message History

The wight attacks as you move away! You block the wight's attack.
The wight attacks as you move away!
The wight hits you with a +1 morningstar of protection!
You feel drained. The wight attacks as you move away!
The wight hits you but does no damage. The wight attacks as you move away!
The wight hits you with a +4 battleaxe!
You feel drained. The wight attacks as you move away!
The wight hits you but does no damage.
There is an escape hatch in the ceiling here.
A mysterious force pulls you upwards. The hatch slams shut behind you.
You scratch the wight but do no damage.
The wight is severely damaged.
You block the wight's attack.
The wight hits you with a +4 battleaxe!!
You mangle the wight!!
You destroy the wight!
The wight barely misses you.
Items here: $ ) ? [.
You barely miss the wight. You block the wight's attack.
You scratch the wight but do no damage. The wight hits you with a +4 battleaxe!
You scratch the wight but do no damage. The wight hits you with a +4 battleaxe.
You claw the wight!
The wight is almost destroyed.
The wight hits you with a +4 battleaxe!
* * * LOW HITPOINT WARNING * * *
You feel drained.
* * * LOW HITPOINT WARNING * * *
You scratch the wight but do no damage.
The wight is almost destroyed.
The wight barely misses you.
You closely miss the wight.
The wight is almost destroyed.
The wight hits you with a +4 battleaxe!
* * * LOW HITPOINT WARNING * * *
You feel drained.
* * * LOW HITPOINT WARNING * * *
You closely miss the wight.
The wight is almost destroyed.
The wight hits you with a +4 battleaxe.
You die...

# #### ####### ###..###
###.....####
.#.....#######..@.......##
................z....##..########
..............).....###..#...##..
.......#########..### ##......#.#
.......##########..## ##.........
....................###..........
.................................
.....................#..........รท
.........###...###...#...........


You could see a wight.

Vanquished Creatures
  Pikel (D:5)
  A water moccasin (D:4)
  An ice beast (D:4)
  A black bear (D:4)
  3 lemures
  Blork the orc (D:4)
  A wight (D:4)
  A howler monkey (D:4)
  A jelly (D:4)
  2 hounds (D:5)
  A gnoll bouda (D:5)
  An orc priest (D:4)
  Jessica (D:3)
  Ijyb (D:3)
  Natasha (thrice) (D:2)
  An orc wizard (D:4)
  Robin (D:2)
  4 gnolls
  3 adders
  A shadow imp (D:4)
  An ufetubus (D:4)
  A worm (D:1)
  2 dart slugs
  2 orcs (D:4)
  9 endoplasms
  3 giant cockroaches (D:2)
  17 hobgoblins
  6 jackals
  2 quokkas
  A ball python (D:3)
  7 bats
  4 frilled lizards
  13 goblins
  6 kobolds
  5 rats
109 creatures vanquished.

Vanquished Creatures (others)
  A wight (D:5)
1 creature vanquished.

Grand Total: 110 creatures vanquished

Notes
Turn   | Place    | Note
-------+----------+-------------------------------------------
     0 | D:1      | MacCMillion the Troll Fighter began the quest for the Orb.
     0 | D:1      | Reached XP level 1. HP: 22/22 MP: 0/0
    77 | D:1      | Reached XP level 2. HP: 29/29 MP: 1/1
   460 | D:1      | Found a faded altar of an unknown god.
   481 | D:1      | Got Plato's Quarto of Necromancy
   631 | D:1      | Reached XP level 3. HP: 21/36 MP: 2/2
   702 | D:2      | Reached skill level 3 in Unarmed Combat
   731 | D:2      | Identified the +2 helmet "Uveotuopp" {Rampage Int+4 Stlth+}
   731 | D:2      | Noticed Robin
   789 | D:2      | Found a stormy altar of Qazlal.
   804 | D:2      | Killed Robin
  1130 | D:2      | Reached XP level 4. HP: 36/44 MP: 3/3
  1728 | D:3      | Noticed Jessica
  1736 | D:3      | Noticed Natasha
  1746 | D:3      | Killed Jessica
  1760 | D:2      | Killed Natasha
  1761 | D:2      | Reached XP level 5. HP: 9/53 MP: 4/4
  1924 | D:3      | Identified the +2 chain mail "Koob" {Stlth+}
  1990 | D:3      | Noticed Sigmund
  2556 | D:2      | Noticed Natasha
  2566 | D:2      | Killed Natasha
  2567 | D:2      | Reached skill level 4 in Unarmed Combat
  2642 | D:2      | Found a stormy altar of Qazlal.
  3012 | D:2      | Noticed Natasha
  3029 | D:2      | Killed Natasha
  3357 | D:3      | Noticed Ijyb
  3367 | D:3      | Killed Ijyb
  3626 | D:4      | Reached XP level 6. HP: 60/61 MP: 5/5
  3668 | D:4      | Noticed Blork the orc
  3673 | D:4      | Killed Blork the orc
  4048 | D:4      | Reached skill level 5 in Unarmed Combat
  4492 | D:5      | Entered Level 5 of the Dungeon
  4492 | D:5      | Noticed an ice beast
  4506 | D:4      | Killed an ice beast
  4507 | D:4      | Reached XP level 7. HP: 43/68 MP: 6/6
  4574 | D:5      | Found a snail-covered altar of Cheibriados.
  4574 | D:5      | Found a shadowy altar of Dithmenos.
  4592 | D:4      | Reached skill level 6 in Unarmed Combat
  5145 | D:5      | Noticed Pikel
  5168 | D:5      | Killed Pikel
  5169 | D:5      | Reached skill level 5 in Shields
  5169 | D:5      | Reached skill level 7 in Unarmed Combat
  5169 | D:5      | Reached XP level 8. HP: 14/79 MP: 7/7
  5444 | D:4      | Slain by a wight

Illustrated notes

Levels and vault maps discovered:
D:1:      roderic_chinese_lattice_arrival, layout_loops_ring,
          shapermc_ecumenical_altar_rom_forum, nicolae_wormholes
D:2:      layout_loops_corners, basic_altar, grunt_ministairs_5,
          item_on_display_a, uniq_robin
D:3:      layout_rooms, grunt_ministairs_4, uniq_ijyb, uniq_natasha,
          uniq_sigmund, uniq_jessica
D:4:      layout_cave_pods, hangedman_decor_riveting,
          chequers_serial_rivers_large_a, minmay_misc_feat_secret_circle,
          uniq_blork_the_orc
D:5:      layout_loops_ring, chequers_temple_overflow_statue_of_worship,
          lemuel_flamethrower_2, uniq_pikel

Skill      XL: |  1  2  3  4  5  6  7 |
---------------+----------------------+-----
Shields        | 3 4 5 |  5.4
Unarmed Combat | 3 4 5 7 |  7.5
Fighting       | 3 4 |  4.9
Dodging        | |  2.4

Action                   |  1- 3 |  4- 6 |  7- 9 || total
-------------------------+-------+-------+-------++-------
Melee: Unarmed           |   131 |   157 |    94 ||   382
  Use: Scroll            |       |       |     2 ||     2
Armor: Robe              |    41 |       |       ||    41
       Animal skin       |     4 |    52 |    18 ||    74
Dodge: Dodged            |    42 |    50 |    44 ||   136
Block: Kite shield       |    48 |    72 |    44 ||   164
